 Dungeon Crawl Stone Soup version 0.27-a0-972-gd1521fd518 (webtiles) character file.

Game seed: 6616515689536713368

235 Froggeryz the Shield-Bearer (level 6, -4/47 HPs)
             Began as a Formicid Fighter on Apr 14, 2021.
             Was an Initiate of Okawaru.
             Slain by a gnoll
             ... wielding a +0 spear
              (6 damage)
             ... on level 4 of the Dungeon.
             The game lasted 00:03:11 (3093 turns).

Froggeryz the Shield-Bearer (Formicid Fighter)      Turns: 3093, Time: 00:03:12

Health: -4/47      AC:  8    Str: 22    XL:     6   Next: 26%
Magic:  6/6        EV:  8    Int:  8    God:    Okawaru [......]
Gold:   118        SH: 10    Dex: 10    Spells: 5/5 levels left

rFire    . . .     SeeInvis +   a - +0 war axe
rCold    . . .     Faith    .   c - +0 kite shield
rNeg     . . .     Spirit   .   b - +0 scale mail
rPois    +         Reflect  .   (helmet unavailable)
rElec    .         Harm     .   (no cloak)
rCorr    .         Rampage  .   (no gloves)
Will     .....                  e - +0 pair of boots
Stlth    ..........             (no amulet)
HPRegen  0.15/turn              f - ring of poison resistance
MPRegen  0.10/turn              (no ring)

@: no status effects
A: permanent stasis, dig shafts and tunnels, antennae 3, four strong arms
a: Dig, Shaft Self, Renounce Religion


You were on level 4 of the Dungeon.
You worshipped Okawaru.
Okawaru was noncommittal.
You visited 2 branches of the dungeon, and saw 5 of its levels.

You collected 118 gold pieces.

Inventory:

Hand Weapons
 a - a +0 war axe (weapon)
Missiles
 h - 11 poisoned darts (quivered)
Armour
 b - a +0 scale mail (worn)
 c - a +0 kite shield (worn)
 e - a +0 pair of boots (worn)
Jewellery
 f - a ring of poison resistance (left hand)
Wands
 j - a wand of flame (6)
Scrolls
 i - a scroll of identify
Potions
 d - a potion of might
 g - a potion of mutation
 k - a potion of heal wounds {unknown}


   Skills:
 - Level 3.2 Fighting
 * Level 5.1 Axes
 - Level 3.2 Armour
 + Level 5.3 Shields


You had 5 spell levels left.
You didn't know any spells.
Your spell library was empty.

Dungeon Overview and Level Annotations

Branches:
Dungeon (4/15)             Temple (1/1) D:4

Altars:
Ashenzari
Makhleb
Okawaru
Qazlal
Ru
Trog
Vehumet
Yredelemnul
The Shining One


Innate Abilities, Weirdness & Mutations

You cannot be hasted, slowed, berserked, paralysed or teleported.
You can dig through walls and to a lower floor.
You have a pair of large antennae on your head. (SInv)
Your four strong arms can wield two-handed weapons with a shield.


Message History

You see here 15 gold pieces.
The gnoll completely misses you. The gnoll hits you with a +0 spear.
Found an escape hatch in the ceiling.
You barely miss the gnoll. You hit the gnoll but do no damage.
The gnoll barely misses you. You block the gnoll's attack.
The gnoll hits you with a +0 spear.
You slash the gnoll shaman!
The gnoll shaman is heavily wounded.
You hit the gnoll. You hit the gnoll but do no damage.
You block the gnoll's attack. The gnoll hits you with a +0 club.
The gnoll hits you from afar with a +0 spear.
The gnoll barely misses you. The gnoll completely misses you.
You closely miss the gnoll shaman.
The gnoll shaman is heavily wounded.
You hit the gnoll. x2
Your scale mail prevents you from hitting the gnoll.
The gnoll hits you but does no damage. The gnoll barely misses you.
The gnoll hits you but does no damage. You block the gnoll's attack.
The gnoll hits you with a +0 spear.
The gnoll hits you from afar with a +0 spear.
The gnoll hits you but does no damage. The gnoll hits you with a +0 club.
The gnoll hits you but does no damage. The gnoll barely misses you.
You block the gnoll's attack.
The gnoll hits you from afar with a +0 spear.
You block the gnoll's attack.
The gnoll hits you from afar with a +0 spear.
Found a stone staircase leading up.
The gnoll barely misses you.
The gnoll hits you from afar with a +0 spear.
* * * LOW HITPOINT WARNING * * *
The gnoll hits you with a +0 club.
* * * LOW HITPOINT WARNING * * *
There is an escape hatch in the ceiling here.
The gnoll hits you but does no damage. You block the gnoll's attack.
The gnoll shaman hits you with a +0 whip!
* * * LOW HITPOINT WARNING * * *
You block the gnoll's attack.
The gnoll hits you from afar with a +0 spear.
You die...

#.......... ....
#.....#.#.. ....
#.....#.###
...##....##...# .
........#..... ...
#.....##.†>..
....########...#........
........gg.......###...#
+.....@ggg....$...###.#
+......g............#.#
...................#....
......................#.
........................
.......###..............
...<... ................
#+#...###...............
#...............


You could see a gnoll shaman and 5 gnolls.

Vanquished Creatures
  An orc priest (D:3)
  Natasha (thrice) (D:3)
  4 gnolls
  2 adders
  A dart slug (D:4)
  2 orcs (D:3)
  4 ball pythons
  7 bats
  An endoplasm (D:3)
  2 giant cockroaches
  5 hobgoblins
  20 jackals
  2 quokkas
  10 goblins
  3 kobolds
  4 rats
71 creatures vanquished.

Vanquished Creatures (others)
  3 plants (D:3)
3 creatures vanquished.

Grand Total: 74 creatures vanquished

Notes
Turn   | Place    | Note
-------+----------+-------------------------------------------
     0 | D:1      | Froggeryz the Formicid Fighter began the quest for the Orb.
     0 | D:1      | Reached XP level 1. HP: 18/18 MP: 1/1
   124 | D:1      | Found a faded altar of an unknown god.
   172 | D:1      | Reached XP level 2. HP: 17/24 MP: 2/2
   209 | D:1      | Reached XP level 3. HP: 11/29 MP: 3/3
   764 | D:1      | Reached XP level 4. HP: 18/35 MP: 4/4
  1475 | D:3      | Reached XP level 5. HP: 41/41 MP: 5/5
  1743 | D:3      | HP: 2/41 [orc priest/divine providence (16)]
  2139 | D:3      | Noticed Natasha
  2146 | D:3      | Killed Natasha
  2147 | D:3      | Reached skill level 5 in Shields
  2450 | D:3      | Noticed Natasha
  2459 | D:3      | Killed Natasha
  2460 | D:3      | Reached XP level 6. HP: 22/47 MP: 6/6
  2645 | D:3      | Noticed Natasha
  2656 | D:3      | Killed Natasha
  2657 | D:3      | Reached skill level 5 in Axes
  2921 | D:4      | Found a staircase to the Ecumenical Temple.
  2956 | Temple   | Entered the Ecumenical Temple
  3015 | Temple   | Became a worshipper of Warmaster Okawaru
  3093 | D:4      | HP: 2/47 [gnoll shaman/+0 whip (7)]
  3093 | D:4      | Slain by a gnoll

Illustrated notes

Levels and vault maps discovered:
D:1:      lemuel_arrival_cross, layout_rooms,
          shapermc_ecumenical_altar_mp_highgroup
D:2:      layout_rooms
D:3:      layout_basic, serial_bayou_crossing, uniq_natasha
D:4:      layout_basic, minmay_temple_entry_slanted, serial_shops, shop,
          amcnicky_mini_rare_corridor_liquid
Temple:   minmay_crystal_snake_temple

Skill      XL: |  1  2  3  4  5  6 |
---------------+-------------------+-----
Shields        | 4 5 |  5.3
Axes           | 3 4 5 |  5.1
Fighting       | |  3.2
Armour         | |  3.2

Action                   |  1- 3 |  4- 6 || total
-------------------------+-------+-------++-------
Melee: War axe           |   105 |   108 ||   213
 Abil: Dig               |     4 |       ||     4
  Use: Scroll            |       |     1 ||     1
       Potion            |       |     1 ||     1
Armor: Scale mail        |    67 |    51 ||   118
Dodge: Dodged            |    60 |    39 ||    99
Block: Kite shield       |    92 |    59 ||   151

Table legend: (Time is in decaauts)
 A = Elapsed time spent in this place.
 B = Non-inter-level travel time spent in this place.
 C = Inter-level travel time spent in this place.
 D = Time resting spent in this place.
 E = Time spent auto-exploring this place.
 F = Levels seen in this place.
 G = Mean time per level.
                   A        B        C        D        E       F      G
               +--------+--------+--------+--------+--------+-----+--------+
         Total |   3207 |   3007 |    200 |   1026 |   1425 |   5 |  641.4 |
       Dungeon |   3104 |   2946 |    158 |   1026 |   1369 |   4 |  776.0 |
        Temple |    102 |     60 |     42 |      0 |     56 |   1 |  102.0 |
               +--------+--------+--------+--------+--------+-----+--------+

Top non-repeatable levels by time:
     D:3: 1516 daAuts
     D:1: 964 daAuts
     D:2: 531 daAuts
  Temple: 102 daAuts
     D:4: 92 daAuts
